AoeStats
← warhol

Arabia

505236402Analyzed
1v1 RM · 25d ago on Sep 8, 2026· 52m 40s· 2 players
Game mode
Random Map
Map size
Tiny (2 player)
Population
200
Speed
Normal
Resources
Standard
Victory
Conquest
Starting age
Dark Age
Ending age
Imperial Age
RankedLock teamsTeams togetherTeam positionsShared explorationLock speedFull tech treeHidden civsTurbo modeCheats
Victory
Defeat
🇫🇮 Gurjaras · Finland
1148
+15
🇷🇺 Magyars · Russia
1118
-15
GreenBoris
6:51 Loom
9:43 Feudal Age
11:57 Double-Bit Axe
12:01 Horse Collar
22:46 Castle Age
21:01 Scale Mail Armor
23:00 Pikeman
23:56 Chain Mail Armor
29:31 Husbandry
31:34 Wheelbarrow
32:52 Bloodlines
40:26 Imperial Age
39:11 Scale Barding Armor
40:34 Chain Barding Armor
40:57 Halberdier
47:54 Light Cavalry
50:57 Plate Barding Armor
warhol
7:17 Loom
10:55 Feudal Age
13:43 Double-Bit Axe
16:42 Castle Age
17:01 Scale Barding Armor
17:55 Wheelbarrow
18:11 Bloodlines
20:17 Gold Mining
22:02 Husbandry
28:07 Chain Barding Armor
31:31 Forging
33:22 Crossbowman
34:48 Thumb Ring
35:16 Fletching
46:46 Imperial Age
45:03 Horse Collar
46:00 Ballistics
47:45 Bodkin Arrow
47:51 Padded Archer Armor
50:25 Chemistry
Connection lost

Rejoining the realm…

Still unreachable

The connection could not be restored.

Session expired

The server has moved on; the page needs a fresh start.